 Dungeon Crawl Stone Soup version 0.17.2-1-ge4368a0 (webtiles) character file.

3 tidbits the Insei (level 1, 0/15 HPs)
             Began as a Demigod Transmuter on Sept 21, 2017.
             Slain by a gnoll
             ... wielding a +0 spear
              (4 damage)
             ... on level 1 of the Dungeon.
             The game lasted 00:01:21 (229 turns).

tidbits the Insei (Demigod Transmuter)               Turns: 229, Time: 00:01:21

Health: 0/15       AC:  2    Str: 13    XL:     1   Next: 33%
Magic:  4/5        EV: 12    Int: 17    God:
Gold:   21         SH:  0    Dex: 16    Spells: 1 memorised, 2 levels left

rFire  . . .     SeeInvis .       - Unarmed
rCold  . . .     Clarity  .     b - +0 robe
rNeg   . . .     SustAt   +     (no shield)
rPois  .         Gourm    .     (no helmet)
rElec  .         Spirit   .     (no cloak)
rCorr  .         Warding  .     (no gloves)
rMut   .         Stasis   .     (no boots)
MR     .....                    (no amulet)
Stlth  ++........               (no ring)
                                h - ring of stealth

@: appendage, not resistant to hostile enchantments, unstealthy
A: horns 2, high mp 1, sustain attributes
a: End Transformation


You were on level 1 of the Dungeon.
You were not hungry.
You had grown temporary horns.
You visited 1 branch of the dungeon, and saw 1 of its levels.

You collected 21 gold pieces.

Inventory:

Missiles
 a - 12 arrows
 e - 30 bolts
 g - a throwing net (quivered) {!f}
Armour
 b - a +0 robe (worn)
Jewellery
 h - a ring of stealth (left hand)
   (You found it on level 1 of the Dungeon)
Scrolls
 f - 2 scrolls of remove curse {unknown}
Books
 c - a book of Changes

   Spells                             Type                      Level
   a - Beastly Appendage              Transmutation                1
   b - Sticks to Snakes               Transmutation                2
   c - Spider Form                    Transmutation/Poison         3
   d - Ice Form                       Ice/Transmutation            4
   e - Blade Hands                    Transmutation                5
Comestibles
 d - a bread ration


   Skills:
 - Level 0.8 Fighting
 - Level 1.7 Dodging
 + Level 2.8 Unarmed Combat
 + Level 1.8 Spellcasting
 + Level 1.9 Transmutations


You had 2 spell levels left.
You knew the following spells:

 Your Spells              Type           Power        Failure   Level  Hunger
e - Beastly Appendage     Trmt           #.....       12%         1    #......


Dungeon Overview and Level Annotations

Branches:
Dungeon (1/15)


Innate Abilities, Weirdness & Mutations

You have an increased reservoir of magic (+10% MP).
Your attributes are resistant to harm.
You have a pair of horns on your head.


Message History

Found 16 stones.
You see here 14 stones.
You see here 26 bolts.
You open the door.
There is an open door here.
Found 30 bolts.
You see here 30 bolts.
e - 30 bolts You open the door.
A kobold comes into view. It is wielding a dagger.
The kobold shouts!
There is an open door here.
Casting: Beastly Appendage
Confirm with . or Enter, or press ? or * to list all spells.
You grow a pair of large bovine horns.
You hit the kobold.
You kill the kobold!
A rat comes into view.
The rat bites you.
You hit the rat but do no damage. You headbutt the rat.
The rat is moderately wounded.
The rat bites you.
You closely miss the rat. You headbutt the rat.
You kill the rat!
Your transformation is almost over.
Your horns disappear.
Found 8 gold pieces.
You now have 21 gold pieces (gained 8).
Found a stone staircase leading down.
Found a scroll labeled ORCHOOW MEMUECH.
f - a scroll labeled ORCHOOW MEMUECH
Found a throwing net.
Found a copper ring.
You see here a throwing net {!f}.
g - a throwing net {!f}
h - a copper ring Put on which piece of jewellery? (? for menu, Esc to quit)
h - a ring of stealth (left hand)
You open the door.
Found a scroll labeled ORCHOOW MEMUECH.
There is an open door here.
f - 2 scrolls labeled ORCHOOW MEMUECH (gained 1) As you open the door, it creaks loudly!
There is an open door here.
Found 20 stones.
You open the door.
There is an open door here.
There is an open door here.
You see here 20 stones.
You open the door.
Found 17 stones.
A kobold comes into view. It is wielding a whip.
Found a bread ration.
The kobold shouts!
The kobold throws a stone.
The stone closely misses you.
The kobold throws a stone.
The stone closely misses you.
A giant cockroach comes into view.
A gnoll and a kobold come into view.
Casting: Beastly Appendage
Confirm with . or Enter, or press ? or * to list all spells.
You miscast Beastly Appendage.
You are very lightly contaminated with residual magic.
Nothing appears to happen.
The gnoll shouts!
The kobold shouts!
The kobold throws a stone.
The stone hits you but does no damage.
A giant cockroach comes into view.
The kobold barely misses you.
There is an open door here.
The giant cockroach misses you.
Casting: Beastly Appendage
Confirm with . or Enter, or press ? or * to list all spells.
Your feet morph into talons.
The giant cockroach barely misses you.
Your magical contamination has completely faded away.
You closely miss the giant cockroach.
You claw the giant cockroach, but do no damage.
The giant cockroach bites you. The giant cockroach misses you.
You hit the giant cockroach. Your kick misses the giant cockroach.
The giant cockroach is heavily wounded.
The giant cockroach waves its antennae.
The giant cockroach bites you.
You closely miss the giant cockroach.
The giant cockroach is heavily wounded.
The giant cockroach misses you.
You barely miss the giant cockroach. You claw the giant cockroach.
You kill the giant cockroach!
The gnoll barely misses you.
You hit the kobold.
You kill the kobold!
Your transformation is almost over.
There is an open door here.
Your talons disappear.
Casting: Beastly Appendage
Confirm with . or Enter, or press ? or * to list all spells.
You grow a pair of large bovine horns.
The gnoll hits you from afar with a spear.
The gnoll hits you with a spear.
* * * LOW HITPOINT WARNING * * *
You barely miss the gnoll. Your headbutt misses the gnoll.
The gnoll hits you with a spear.
You die...

###.)...# #..................
##.##### ##...#.####.######
#..#.. #+..#..#.......#
#.##.###### #..#..#.##.##.#
#..#.##...#####.#..#. #.>#.#
##'#'##.#.#.. #.#..# ##.#.#
.##...##.#.#.# #.#### #.#..
..'.<.'..#.#.# +g####+###.#######
.##...##.#.#.###@##....##........
#'#'##.#....##.##....##########
#.#..#.####.##.##....# #
###.##.#....#.#..##....# #
....#(.####.##'..##....# #
###.#.#####.##)..##....##########
#...#.###...#....##..............
#.###. #..###..........##########
.. #.. #.##.......######


You could see a gnoll.

Vanquished Creatures
  A giant cockroach (D:1)
  2 kobolds (D:1)
  A rat (D:1)
4 creatures vanquished.

Notes
Turn   | Place    | Note
--------------------------------------------------------------
     0 | D:1      | tidbits the Demigod Transmuter began the quest for the Orb.
     0 | D:1      | Reached XP level 1. HP: 15/15 MP: 5/5
   229 | D:1      | Slain by a gnoll

Action                   || total
-------------------------++-------
Melee: Unarmed           ||     9
 Cast: Beastly Appendage ||     3

Table legend:
 A = Turns spent in this place as a percentage of turns spent in the entire game.
 B = Non-inter-level travel turns spent in this place as a percentage of non-inter-level travel turns spent in the entire game.
 C = Inter-level travel turns spent in this place as a percentage of turns spent in this place.
 D = Turns resting spent in this place as a percentage of non-inter-level travel turns spent in this place.
 E = Turns spent auto-exploring this place as a percentage of non-inter-level travel turns spent in this place.
 F = Non-inter-level travel turns spent in this place divided by the number of levels of this place that you've seen.
                   A       B       C       D       E      F
               +-------+-------+-------+-------+-------+----------------------
         Total | 100.0 | 100.0 |   0.0 |   0.0 |   0.0 | 211.0
       Dungeon | 100.0 | 100.0 |   0.0 |   0.0 |   0.0 | 211.0
               +-------+-------+-------+-------+-------+----------------------

Table legend:
 A = Kills in this place as a percentage of kills in entire the game.
 B = Kills by you in this place as a percentage of kills by you in the entire game.
 C = Kills by friends in this place as a percentage of kills by friends in the entire game.
 D = Other kills in this place as a percentage of other kills in the entire game.
 E = Experience gained in this place as a percentage of experience gained in the entire game.
 F = Experience gained in this place divided by the number of levels of this place that you have seen.
                   A       B       C       D       E      F
               +-------+-------+-------+-------+-------+----------------------
         Total | 100.0 | 100.0 |  -nan |  -nan | 100.0 |   5.0
       Dungeon | 100.0 | 100.0 |  -nan |  -nan | 100.0 |   5.0
               +-------+-------+-------+-------+-------+----------------------

Vault maps used:
D:1:      nicolae_arrival_somewhat_less_tricky_arrival
